 Dungeon Crawl Stone Soup version 0.27.1-3-gb3d3a73c9e (webtiles) character file.

Game seed: 7927378429567043974

362 Dustman the Conjurer (level 6, -1/68 HPs)
             Began as an Ogre Conjurer on Oct 20, 2021.
             Slain by a centaur zombie (3 damage)
             ... on level 5 of the Dungeon.
             The game lasted 00:21:36 (2264 turns).

Dustman the Conjurer (Ogre Conjurer)                Turns: 2264, Time: 00:21:36

Health: -1/68      AC:  4    Str: 11 (12) XL:     6   Next: 66%
Magic:  11/11      EV:  9    Int: 21      God:
Gold:   44         SH:  0    Dex:  7      Spells: 12/13 levels left

rFire    . . .     SeeInvis .   d - +7 dagger
rCold    . . .     Faith    .   (no shield)
rNeg     . . .     Spirit   .   a - +1 robe
rPois    .         Reflect  .   (helmet restricted)
rElec    .         Harm     .   (no cloak)
rCorr    .         Rampage  .   (gloves unavailable)
Will     .....                  (boots unavailable)
Stlth    ++........             (no amulet)
HPRegen  0.21/turn              (no ring)
MPRegen  0.12/turn              (no ring)

@: no status effects
A: large, unfitting armour, tough skin 1, deterioration 1, low mp 1, robust 1
a: no special abilities


You were on level 5 of the Dungeon.
You visited 1 branch of the dungeon, and saw 5 of its levels.

You collected 148 gold pieces.
You spent 104 gold pieces at shops.

Inventory:

Hand Weapons
 d - a +7 dagger (weapon)
 f - a +2 long sword of protection
 h - a +1 hand axe of electrocution
Armour
 a - a +1 robe (worn)
Magical Staves
 e - a staff of conjuration
Wands
 b - a wand of digging (4)
 c - a wand of polymorph (10)
 j - a wand of acid (5)
Scrolls
 g - 2 scrolls of magic mapping
 i - 5 scrolls of identify


   Skills:
 + Level 4.2 Fighting
 + Level 2.3 Dodging
 + Level 2.0 Stealth
 + Level 4.3 Spellcasting
 + Level 4.7 Conjurations
 + Level 1.1 Evocations


You had 12 spell levels left.
You knew the following spells:

 Your Spells              Type           Power      Damage    Failure   Level
a - Magic Dart            Conj           96%        1d7       1%          1

Your spell library contained the following spells:

 Spells                   Type           Power      Damage    Failure   Level
 Searing Ray              Conj           48%        3d5       2%          2
 Dazzling Flash           Conj/Hex       28%        N/A       13%         3
 Fulminant Prism          Conj/Hex       7%         3d7       41%         4
 Iskenderun's Mystic Bla  Conj/Tloc      14%        2d5       41%         4


Dungeon Overview and Level Annotations

Branches:
Dungeon (5/15)
 Temple: D:4-7

Altars:
Cheibriados
Xom

Shops:
D:3 *(:*(   D:4 !=

Annotations:
D:4 Pikel


Innate Abilities, Weirdness & Mutations

You are too large for most types of armour.
You have tough skin. (AC +1)
Your body sometimes deteriorates upon taking damage.
Your magical capacity is low. (-10% MP)
You are robust. (+10% HP)


Message History

The bolt of acid hits the hound!
The hound is splashed with acid.
The acid corrodes the hound!
The hound is almost dead.
The bolt of acid misses the gnoll.
The bolt of acid hits the gnoll!
The gnoll is splashed with acid!
The acid corrodes the gnoll!
You kill the gnoll!
The hound closely misses you. x2
Aiming: Corrosive Bolt
Press: ? - help, Shift-Dir - straight line, f - gnoll
Aim: a gnoll, wielding a +0 halberd (75% to hit)
The bolt of acid hits the hound!
The hound is splashed with acid.
The hound seems to be corroded for longer.
You kill the hound!
The bolt of acid hits the gnoll!
The gnoll is splashed with acid.
The gnoll seems to be corroded for longer.
You kill the gnoll!
The bolt of acid hits the gnoll!
The gnoll is splashed with acid.
You kill the gnoll!
Your Stealth skill increases to level 2!
Your Evocations skill increases to level 1!
Okay, then.
Aiming: Corrosive Bolt
Press: ? - help, Shift-Dir - straight line, f - centaur zombie
Aim: a centaur zombie (100% to hit)
The bolt of acid hits the centaur zombie!
The centaur zombie is splashed with acid.
The centaur zombie is heavily damaged.
The centaur zombie hits you.
* * * LOW HITPOINT WARNING * * *
The centaur zombie kicks you.
* * * LOW HITPOINT WARNING * * *
The centaur zombie misses you.
The centaur zombie kicks you but does no damage.
The centaur zombie barely misses you.
The centaur zombie kicks you but does no damage.
The centaur zombie hits you.
* * * LOW HITPOINT WARNING * * *
The centaur zombie kicks you but does no damage.
The centaur zombie hits you.
You die...

. ...# #<..#
..###.#########.#######
..+..))†...............
...##)#######.#.############
............................
####..#######.#.###..########
# ##.# ###+#+#...........# #
#g#####......Z....#####+# #
#...........@.......# #
#######.........#.#.# #
#####(#.#.|..<..#
#...#.#.#...##..# ####
#...#.#.#....#..#
...######...#.#.#..#.##.#
...'))..'...'.#.####.####
...######...######.....## ###
#### #.....# ##..##.##..##.#


You could see a centaur zombie.

Vanquished Creatures
  A scorpion (D:5)
  2 hounds (D:5)
  A scorpion zombie (D:5)
  A hound skeleton (D:4)
  10 gnolls
  4 adders
  A shadow imp (D:3)
  An ufetubus (D:4)
  A worm (D:2)
  A dart slug (D:2)
  7 orcs
  6 ball pythons
  3 endoplasms
  A giant cockroach (D:2)
  3 goblins
  4 hobgoblins
  4 kobolds (D:1)
  3 quokkas (D:2)
  2 bats (D:2)
  9 rats
65 creatures vanquished.

Notes
Turn   | Place    | Note
-------+----------+-------------------------------------------
     0 | D:1      | Dustman the Ogre Conjurer began the quest for the Orb.
     0 | D:1      | Reached XP level 1. HP: 16/16 MP: 3/3
   165 | D:1      | Reached skill level 1 in Fighting
   190 | D:1      | Reached XP level 2. HP: 27/27 MP: 0/5
   468 | D:2      | Reached XP level 3. HP: 34/35 MP: 0/7
   565 | D:3      | Found Jainig's Book Emporium.
   587 | D:3      | Found Otestrom's Antique Weapon Shop.
   591 | D:3      | Found Leg Fovo's Assorted Antiques.
   669 | D:2      | Gained mutation: Your magical capacity is low. (-10% MP)
                  | [potion of mutation]
   669 | D:2      | Gained mutation: You are robust. (+10% HP) [potion of
                  | mutation]
   669 | D:2      | Gained mutation: Your body sometimes deteriorates upon
                  | taking damage. [potion of mutation]
  1140 | D:2      | Reached XP level 4. HP: 44/48 MP: 3/8
  1365 | D:3      | Found Wewkiefupn's Weapon Shoppe.
  1436 | D:3      | Found Fuangois's Assorted Antiques.
  1523 | D:3      | Bought a jewelled copper wand for 104 gold pieces
  1567 | D:4      | Found Jeevy's Jewellery Boutique.
  1567 | D:4      | Noticed a lemure
  1702 | D:4      | Found a snail-covered altar of Cheibriados.
  1744 | D:4      | Found Veehevug's Distillery.
  1748 | D:4      | Reached XP level 5. HP: 57/58 MP: 9/9
  1810 | D:5      | Entered Level 5 of the Dungeon
  1880 | D:4      | Found a shimmering altar of Xom.
  1917 | D:4      | Noticed a lemure
  1918 | D:4      | Noticed a lemure
  1918 | D:4      | Noticed a lemure
  1919 | D:4      | Noticed Pikel
  2155 | D:5      | Reached XP level 6. HP: 59/68 MP: 7/10
  2250 | D:5      | Reached skill level 1 in Evocations
  2254 | D:5      | HP: 3/68 [centaur zombie (1)]
  2261 | D:5      | HP: 2/68 [centaur zombie (3)]
  2264 | D:5      | Slain by a centaur zombie

Illustrated notes

Levels and vault maps discovered:
D:1:      dpeg_arrival_three_same_balls, layout_basic,
          hellmonk_ecumenical_altar_leap_of_faith
D:2:      layout_loops_corners
D:3:      layout_basic, serial_shops, nicolae_shop_trees, nicolae_shop_trees,
          nicolae_shop_waterfront, nicolae_shop_statue_plus, shop
D:4:      layout_basic, mainiacjoe_overflow_brackets,
          lemuel_coloured_pillars_altar, kennysheep_mini, serial_shops,
          nicolae_shop_trees, shop, shop, uniq_ijyb, uniq_pikel
D:5:      layout_basic, interstate_on_off, minmay_increasing_density

Skill      XL: |  1  2  3  4  5  6 |
---------------+-------------------+-----
Fighting       | 1 2 3 4 |  4.2
Spellcasting   | 3 4 |  4.3
Conjurations   | 4 |  4.7
Dodging        | 2 |  2.3
Stealth        | 2 |  2.0
Evocations     | 1 |  1.1

Action                   |  1- 3 |  4- 6 || total
-------------------------+-------+-------++-------
Melee: Unarmed           |     7 |       ||     7
       Club              |    15 |       ||    15
       Dagger            |    54 |    73 ||   127
 Cast: Magic Dart        |    70 |    61 ||   131
Evoke: Wand              |       |     5 ||     5
  Use: Potion            |     4 |     1 ||     5
       Scroll            |     3 |     2 ||     5
Armor: Robe              |    23 |    28 ||    51
       Skin              |    27 |    15 ||    42
Dodge: Dodged            |    38 |    47 ||    85
